[ PARTIDA AOE2 · #475592680 ]
Team RMBorgoñones vs Goths
[ ANÁLISIS DE REPETICIÓN · EXTRAÍDO DE LA PARTIDA GRABADA ]
Feudal
12:11
Castillos
15:45
Imperial
31:34
| APM promedio | 64.5 |
| APM pico | 133 |
| eAPM promedio | 35.7 |
| Aldeanos / militares | 121 / 71 |
Foco
⚔️ 56.8% · 🌾 43.2%
Knight ×45 · Scout Cavalry ×15 · Battering Ram ×7 · Monk ×2 · Mangonel ×2
Feudal
12:40
Castillos
18:23
Imperial
—
| APM promedio | 23.3 |
| APM pico | 68 |
| eAPM promedio | 18.3 |
| Aldeanos / militares | 137 / 0 |
Foco
⚔️ 10.7% · 🌾 89.3%
Feudal
11:38
Castillos
15:13
Imperial
—
| APM promedio | 20.0 |
| APM pico | 62 |
| eAPM promedio | 11.3 |
| Aldeanos / militares | 68 / 24 |
Foco
⚔️ 15.2% · 🌾 84.8%
Genoese Crossbowman ×24
Feudal
11:15
Castillos
16:10
Imperial
29:10
| APM promedio | 25.2 |
| APM pico | 73 |
| eAPM promedio | 12.8 |
| Aldeanos / militares | 90 / 11 |
Foco
⚔️ 14.1% · 🌾 85.9%
Battering Ram ×5 · Mangonel ×3 · Trebuchet (Packed) ×3
Feudal
11:12
Castillos
15:10
Imperial
28:06
| APM promedio | 26.8 |
| APM pico | 70 |
| eAPM promedio | 11.8 |
| Aldeanos / militares | 61 / 16 |
Foco
⚔️ 8.5% · 🌾 91.5%
Janissary ×13 · Trebuchet (Packed) ×2 · Monk ×1
Feudal
9:01
Castillos
20:21
Imperial
—
| APM promedio | 42.2 |
| APM pico | 106 |
| eAPM promedio | 19.0 |
| Aldeanos / militares | 97 / 60 |
Foco
⚔️ 28.1% · 🌾 71.9%
Knight ×44 · Battering Ram ×12 · Monk ×2 · Scout Cavalry ×1 · Scorpion ×1
Feudal
11:35
Castillos
15:08
Imperial
29:47
| APM promedio | 23.4 |
| APM pico | 57 |
| eAPM promedio | 15.8 |
| Aldeanos / militares | 93 / 42 |
Foco
⚔️ 27.9% · 🌾 72.1%
Spearman ×36 · Unknown (882) ×5 · Scout Cavalry ×3 · Monk ×2 · Mangonel ×1
Feudal
12:00
Castillos
16:49
Imperial
—
| APM promedio | 32.5 |
| APM pico | 55 |
| eAPM promedio | 16.9 |
| Aldeanos / militares | 100 / 10 |
Foco
⚔️ 6.5% · 🌾 93.5%
Conquistador ×9 · Mangonel ×1
Mapa de la partida
Recursos iniciales + cada clic de construcción. Líneas = muros · curvas = relieve. ◆ oro · ⬟ piedra · ● bayas · ✦ reliquia · ◌ hueco del cierre
Tu base· ✓ Cerrada en 15:45 · 0t muro · 2 puerta(s)
Base de 云大怒提枪骤马· ✓ Cerrada en 18:23 · 2t muro · 2 puerta(s)
Base de 平湖秋月197· ✓ Cerrada en 15:13 · 0t muro · 3 puerta(s)
Base de 米德维奇小学副校长· ✓ Cerrada en 16:10 · 0t muro · 2 puerta(s)
Base de 哭稀饭(2125613428)· ✓ Cerrada en 15:10 · 0t muro · 2 puerta(s)
Base de 伟少· ✓ Cerrada en 20:21 · 0t muro · 3 puerta(s)
Base de 豹豹是只大猫咪· ✓ Cerrada en 15:08 · 0t muro · 3 puerta(s)
Base de eydher· ✓ Cerrada en 16:49 · 0t muro · 3 puerta(s)
Terreno inicial suavizado · ◌ = hueco del cierre detectado · pasá el cursor para detalles
Inputs por minuto
— uotgnaug - - 云大怒提枪骤马
Build order — uotgnaug
Primeras 150 de 331 acciones detectadas
| 0:00 | Crear | Villager (Male) ×4 |
| 0:02 | Construir | House |
| 0:04 | Construir | House |
| 1:30 | Crear | Villager (Male) |
| 1:47 | Crear | Villager (Male) |
| 2:12 | Crear | Villager (Male) |
| 2:25 | Construir | Lumber Camp |
| 2:34 | Crear | Villager (Male) |
| 3:03 | Investigar | Double-Bit Axe |
| 3:19 | Crear | Villager (Male) |
| 3:43 | Crear | Villager (Male) |
| 3:51 | Construir | House |
| 4:06 | Crear | Villager (Male) |
| 4:28 | Crear | Villager (Male) |
| 4:57 | Crear | Villager (Male) |
| 5:13 | Construir | House |
| 5:25 | Crear | Villager (Male) |
| 5:30 | Crear | Villager (Male) |
| 5:44 | Crear | Villager (Male) |
| 5:55 | Construir | Mill |
| 6:15 | Crear | Villager (Male) |
| 6:15 | Crear | Villager (Male) |
| 6:43 | Construir | House |
| 7:12 | Construir | Lumber Camp |
| 7:25 | Crear | Villager (Male) |
| 7:46 | Crear | Villager (Male) |
| 8:11 | Crear | Villager (Male) |
| 8:20 | Crear | Villager (Male) |
| 8:40 | Crear | Villager (Male) |
| 8:44 | Investigar | Horse Collar |
| 8:50 | Construir | Farm |
| 8:54 | Construir | Farm |
| 8:58 | Construir | Farm |
| 9:01 | Construir | Farm |
| 9:06 | Crear | Villager (Male) |
| 9:07 | Construir | Mining Camp |
| 9:49 | Investigar | Feudal Age |
| 9:54 | Construir | Farm |
| 9:57 | Construir | Farm |
| 10:04 | Construir | Farm |
| 10:21 | Construir | Farm |
| 10:23 | Construir | Farm |
| 10:26 | Crear | Villager (Male) |
| 10:27 | Crear | Villager (Male) |
| 10:48 | Construir | House |
| 10:52 | Construir | Barracks |
| 11:14 | Crear | Villager (Male) |
| 11:14 | Crear | Villager (Male) |
| 12:11 | Edad | Edad Feudal |
| 12:12 | Construir | Stable |
| 12:15 | Construir | Blacksmith |
| 12:16 | Construir | House |
| 13:05 | Investigar | Castle Age |
| 13:09 | Construir | House |
| 13:38 | Investigar | Bow Saw |
| 14:04 | Crear | Scout Cavalry |
| 14:12 | Investigar | Heavy Plow |
| 14:40 | Crear | Scout Cavalry |
| 14:57 | Construir | Farm |
| 14:59 | Construir | Farm |
| 15:15 | Investigar | Wheelbarrow |
| 15:45 | Edad | Edad de los Castillos |
| 15:54 | Construir | Town Center |
| 16:01 | Crear | Scout Cavalry |
| 16:05 | Construir | Town Center |
| 16:07 | Crear | Villager (Male) |
| 16:07 | Crear | Villager (Male) |
| 16:10 | Construir | Monastery |
| 16:12 | Construir | House |
| 16:39 | Investigar | Husbandry |
| 16:54 | Crear | Monk |
| 16:58 | Construir | Farm |
| 16:59 | Construir | Farm |
| 17:00 | Construir | Farm |
| 17:03 | Construir | House |
| 17:06 | Crear | Villager (Male) |
| 17:12 | Construir | Farm |
| 17:15 | Construir | Farm |
| 17:18 | Construir | Farm |
| 17:19 | Crear | Villager (Male) |
| 17:23 | Crear | Villager (Male) |
| 17:27 | Construir | Farm |
| 17:28 | Construir | Farm |
| 17:34 | Crear | Villager (Male) |
| 17:35 | Crear | Villager (Male) |
| 17:35 | Crear | Villager (Male) |
| 17:49 | Construir | House |
| 17:50 | Construir | House |
| 18:00 | Crear | Villager (Male) |
| 18:00 | Crear | Villager (Male) |
| 18:03 | Construir | Farm |
| 18:07 | Construir | Farm |
| 18:14 | Crear | Villager (Male) |
| 18:22 | Crear | Villager (Male) |
| 18:33 | Construir | Farm |
| 18:37 | Construir | Farm |
| 18:38 | Construir | Farm |
| 18:50 | Crear | Villager (Male) |
| 18:51 | Crear | Villager (Male) |
| 18:51 | Crear | Villager (Male) |
| 18:51 | Crear | Villager (Male) |
| 18:59 | Construir | House |
| 19:00 | Construir | House |
| 19:02 | Crear | Villager (Male) |
| 19:19 | Crear | Villager (Male) |
| 19:20 | Crear | Villager (Male) |
| 19:27 | Construir | Farm |
| 19:28 | Construir | Farm |
| 19:30 | Construir | Farm |
| 19:35 | Investigar | Light Cavalry (upgrade) |
| 19:37 | Crear | Villager (Male) |
| 19:48 | Crear | Villager (Male) |
| 19:48 | Crear | Villager (Male) |
| 20:09 | Crear | Villager (Male) |
| 20:10 | Crear | Villager (Male) |
| 20:10 | Crear | Villager (Male) |
| 20:33 | Crear | Monk |
| 20:43 | Crear | Villager (Male) |
| 20:43 | Crear | Villager (Male) |
| 20:43 | Crear | Villager (Male) |
| 20:46 | Construir | Town Center |
| 20:51 | Construir | Farm |
| 20:52 | Construir | Farm |
| 20:53 | Construir | Farm |
| 20:55 | Construir | House |
| 20:56 | Construir | House |
| 20:56 | Construir | House |
| 20:57 | Construir | House |
| 20:57 | Construir | House |
| 20:57 | Construir | House |
| 20:58 | Crear | Villager (Male) |
| 21:00 | Investigar | Hand Cart |
| 21:02 | Crear | Villager (Male) |
| 21:12 | Crear | Villager (Male) |
| 21:28 | Crear | Scout Cavalry |
| 21:30 | Crear | Villager (Male) |
| 21:30 | Crear | Villager (Male) |
| 21:39 | Crear | Villager (Male) |
| 21:41 | Investigar | Gold Mining |
| 21:58 | Crear | Scout Cavalry |
| 21:59 | Crear | Villager (Male) |
| 22:00 | Crear | Villager (Male) |
| 22:01 | Crear | Villager (Male) |
| 22:01 | Crear | Villager (Male) |
| 22:04 | Construir | Farm |
| 22:05 | Construir | Farm |
| 22:07 | Construir | Farm |
| 22:08 | Construir | Farm |
| 22:09 | Construir | Farm |
| 22:09 | Crear | Villager (Male) |
Build order — 云大怒提枪骤马
Primeras 150 de 274 acciones detectadas
| 0:16 | Crear | Villager (Male) |
| 0:16 | Crear | Villager (Male) |
| 0:16 | Crear | Villager (Male) |
| 0:17 | Crear | Villager (Male) |
| 0:19 | Construir | House |
| 0:20 | Construir | House |
| 1:15 | Construir | Lumber Camp |
| 1:56 | Crear | Villager (Male) |
| 2:26 | Crear | Villager (Male) |
| 2:45 | Crear | Villager (Male) |
| 2:45 | Crear | Villager (Male) |
| 3:13 | Construir | House |
| 3:22 | Crear | Villager (Male) |
| 3:35 | Crear | Villager (Male) |
| 4:16 | Crear | Villager (Male) |
| 4:17 | Crear | Villager (Male) |
| 4:35 | Construir | House |
| 5:13 | Crear | Villager (Male) |
| 5:13 | Crear | Villager (Male) |
| 5:13 | Crear | Villager (Male) |
| 5:14 | Crear | Villager (Male) |
| 6:32 | Crear | Villager (Male) |
| 6:32 | Crear | Villager (Male) |
| 6:38 | Construir | Mill |
| 6:41 | Crear | Villager (Male) |
| 6:41 | Crear | Villager (Male) |
| 6:41 | Crear | Villager (Male) |
| 6:51 | Construir | House |
| 6:59 | Construir | House |
| 7:03 | Construir | House |
| 7:21 | Construir | Mill |
| 7:22 | Crear | Villager (Male) |
| 7:39 | Crear | Villager (Male) |
| 7:42 | Crear | Villager (Male) |
| 7:42 | Crear | Villager (Male) |
| 8:21 | Crear | Villager (Male) |
| 8:22 | Crear | Villager (Male) |
| 9:08 | Construir | Farm |
| 9:10 | Construir | Farm |
| 9:11 | Construir | Farm |
| 9:17 | Crear | Villager (Male) |
| 9:58 | Crear | Villager (Male) |
| 10:30 | Investigar | Feudal Age |
| 12:40 | Edad | Edad Feudal |
| 12:45 | Crear | Villager (Male) |
| 12:45 | Crear | Villager (Male) |
| 13:06 | Crear | Villager (Male) |
| 13:18 | Construir | Blacksmith |
| 13:21 | Construir | Palisade Wall |
| 13:22 | Construir | Palisade Wall |
| 13:29 | Construir | Market |
| 13:30 | Crear | Villager (Male) |
| 13:39 | Investigar | Horse Collar |
| 13:45 | Investigar | Double-Bit Axe |
| 13:57 | Construir | Farm |
| 13:59 | Construir | Farm |
| 14:11 | Construir | Farm |
| 14:13 | Construir | Farm |
| 14:18 | Construir | Farm |
| 14:30 | Crear | Villager (Male) |
| 15:06 | Crear | Villager (Male) |
| 15:43 | Investigar | Castle Age |
| 16:34 | Construir | Farm |
| 16:35 | Construir | Mill |
| 16:43 | Construir | Farm |
| 16:44 | Construir | Farm |
| 16:44 | Construir | Farm |
| 16:45 | Construir | Farm |
| 16:46 | Construir | Farm |
| 16:47 | Construir | Farm |
| 16:47 | Construir | Farm |
| 17:16 | Construir | Mining Camp |
| 17:33 | Crear | Villager (Male) |
| 17:33 | Crear | Villager (Male) |
| 18:23 | Edad | Edad de los Castillos |
| 18:32 | Construir | Town Center |
| 18:39 | Construir | Town Center |
| 18:56 | Crear | Villager (Male) |
| 18:56 | Crear | Villager (Male) |
| 19:00 | Investigar | Heavy Plow |
| 19:15 | Investigar | Stone Mining |
| 19:36 | Investigar | Wheelbarrow |
| 19:53 | Crear | Villager (Male) |
| 20:07 | Crear | Villager (Male) |
| 20:07 | Crear | Villager (Male) |
| 20:09 | Crear | Villager (Male) |
| 20:09 | Crear | Villager (Male) |
| 20:29 | Construir | Town Center |
| 20:32 | Crear | Villager (Male) |
| 20:35 | Crear | Villager (Male) |
| 20:36 | Crear | Villager (Male) |
| 20:38 | Crear | Villager (Male) |
| 20:38 | Crear | Villager (Male) |
| 20:43 | Construir | Farm |
| 20:43 | Construir | Farm |
| 20:44 | Construir | Farm |
| 20:44 | Construir | Farm |
| 21:00 | Crear | Villager (Male) |
| 21:12 | Crear | Villager (Male) |
| 21:12 | Crear | Villager (Male) |
| 21:15 | Construir | House |
| 21:17 | Construir | House |
| 21:18 | Construir | House |
| 21:19 | Construir | House |
| 21:20 | Crear | Villager (Male) |
| 21:21 | Crear | Villager (Male) |
| 21:23 | Construir | House |
| 21:24 | Construir | House |
| 21:25 | Crear | Villager (Male) |
| 21:34 | Crear | Villager (Male) |
| 21:34 | Crear | Villager (Male) |
| 21:34 | Crear | Villager (Male) |
| 21:57 | Construir | Farm |
| 22:00 | Construir | Mill |
| 22:09 | Construir | Farm |
| 22:11 | Construir | Farm |
| 22:14 | Construir | Farm |
| 22:15 | Construir | Farm |
| 22:16 | Crear | Villager (Male) |
| 22:22 | Crear | Villager (Male) |
| 22:22 | Crear | Villager (Male) |
| 22:37 | Crear | Villager (Male) |
| 22:38 | Crear | Villager (Male) |
| 22:42 | Crear | Villager (Male) |
| 22:45 | Construir | Farm |
| 22:52 | Construir | House |
| 22:53 | Construir | House |
| 22:54 | Construir | House |
| 22:55 | Construir | House |
| 22:57 | Construir | House |
| 22:58 | Crear | Villager (Male) |
| 22:58 | Crear | Villager (Male) |
| 23:00 | Construir | Farm |
| 23:08 | Crear | Villager (Male) |
| 23:21 | Investigar | Stone Shaft Mining |
| 23:22 | Investigar | Stone Shaft Mining |
| 23:23 | Crear | Villager (Male) |
| 23:23 | Crear | Villager (Male) |
| 23:23 | Crear | Villager (Male) |
| 23:27 | Construir | Farm |
| 23:28 | Construir | Mill |
| 23:29 | Construir | Farm |
| 23:29 | Construir | Farm |
| 23:30 | Construir | Farm |
| 23:30 | Construir | Farm |
| 23:30 | Construir | Farm |
| 23:30 | Construir | Farm |
| 23:32 | Construir | Farm |
| 23:33 | Crear | Villager (Male) |
| 23:43 | Construir | Farm |
Build order — 平湖秋月197
Primeras 150 de 157 acciones detectadas
| 0:02 | Crear | Villager (Male) ×4 |
| 0:04 | Construir | House |
| 0:07 | Construir | House |
| 1:33 | Crear | Villager (Male) |
| 2:03 | Crear | Villager (Male) |
| 2:22 | Crear | Villager (Male) |
| 2:52 | Construir | Lumber Camp |
| 2:53 | Crear | Villager (Male) |
| 3:08 | Crear | Villager (Male) |
| 3:33 | Construir | House |
| 3:36 | Construir | House |
| 3:37 | Construir | House |
| 3:38 | Crear | Villager (Male) |
| 4:22 | Crear | Villager (Male) |
| 4:26 | Crear | Villager (Male) |
| 4:42 | Construir | Mill |
| 5:06 | Crear | Villager (Male) |
| 5:23 | Crear | Villager (Male) |
| 5:36 | Crear | Villager (Male) |
| 6:06 | Construir | Mill |
| 6:33 | Crear | Villager (Male) |
| 6:33 | Crear | Villager (Male) |
| 6:33 | Crear | Villager (Male) |
| 6:57 | Crear | Villager (Male) |
| 7:54 | Construir | Mining Camp |
| 7:55 | Crear | Villager (Male) |
| 7:56 | Crear | Villager (Male) |
| 7:56 | Crear | Villager (Male) |
| 8:26 | Crear | Villager (Male) |
| 9:09 | Construir | Mining Camp |
| 9:13 | Investigar | Feudal Age |
| 11:10 | Crear | Villager (Male) |
| 11:10 | Crear | Villager (Male) |
| 11:38 | Edad | Edad Feudal |
| 11:40 | Construir | Market |
| 11:48 | Construir | Blacksmith |
| 12:04 | Investigar | Double-Bit Axe |
| 12:33 | Investigar | Castle Age |
| 12:37 | Construir | House |
| 12:41 | Construir | House |
| 13:10 | Investigar | Horse Collar |
| 13:51 | Construir | Farm |
| 13:56 | Construir | Farm |
| 14:00 | Construir | Farm |
| 14:18 | Construir | Farm |
| 14:22 | Construir | Farm |
| 15:13 | Edad | Edad de los Castillos |
| 15:18 | Crear | Villager (Male) |
| 15:18 | Crear | Villager (Male) |
| 15:31 | Construir | Town Center |
| 15:44 | Investigar | Loom |
| 15:46 | Crear | Villager (Male) |
| 15:53 | Crear | Villager (Male) |
| 16:11 | Construir | Castle |
| 16:40 | Crear | Villager (Male) |
| 17:25 | Construir | Mining Camp |
| 17:30 | Construir | Farm |
| 17:32 | Construir | Farm |
| 17:41 | Crear | Villager (Male) |
| 17:42 | Crear | Villager (Male) |
| 17:46 | Construir | Farm |
| 17:50 | Crear | Villager (Male) |
| 17:51 | Crear | Villager (Male) |
| 18:27 | Crear | Villager (Male) |
| 18:27 | Crear | Villager (Male) |
| 18:38 | Construir | Farm |
| 18:52 | Crear | Villager (Male) |
| 18:52 | Crear | Villager (Male) |
| 18:56 | Crear | Genoese Crossbowman |
| 19:21 | Construir | Farm |
| 19:22 | Crear | Villager (Male) |
| 19:22 | Crear | Villager (Male) |
| 19:38 | Crear | Villager (Male) |
| 19:39 | Crear | Villager (Male) |
| 19:40 | Crear | Genoese Crossbowman |
| 19:50 | Crear | Genoese Crossbowman |
| 19:53 | Construir | Farm |
| 20:01 | Crear | Villager (Male) |
| 20:07 | Crear | Villager (Male) |
| 20:29 | Crear | Villager (Male) |
| 20:40 | Crear | Genoese Crossbowman |
| 20:40 | Crear | Genoese Crossbowman |
| 20:44 | Construir | Farm |
| 20:48 | Construir | Farm |
| 20:52 | Crear | Villager (Male) |
| 20:55 | Crear | Villager (Male) |
| 20:58 | Crear | Genoese Crossbowman |
| 21:07 | Crear | Villager (Male) |
| 21:16 | Crear | Genoese Crossbowman |
| 21:21 | Crear | Villager (Male) |
| 21:27 | Construir | Farm |
| 21:32 | Construir | Farm |
| 21:36 | Crear | Villager (Male) |
| 21:39 | Crear | Genoese Crossbowman |
| 21:39 | Crear | Genoese Crossbowman |
| 21:44 | Crear | Villager (Male) |
| 21:51 | Construir | Farm |
| 22:03 | Crear | Villager (Male) |
| 22:05 | Crear | Genoese Crossbowman |
| 22:28 | Construir | Farm |
| 22:31 | Construir | Farm |
| 22:32 | Construir | Farm |
| 22:34 | Crear | Villager (Male) |
| 22:34 | Crear | Villager (Male) |
| 22:34 | Crear | Villager (Male) |
| 22:44 | Construir | House |
| 22:46 | Construir | House |
| 22:47 | Construir | House |
| 22:48 | Construir | House |
| 22:54 | Construir | Farm |
| 23:05 | Investigar | Wheelbarrow |
| 23:18 | Investigar | Bow Saw |
| 23:34 | Crear | Genoese Crossbowman |
| 23:38 | Crear | Villager (Male) |
| 23:41 | Crear | Villager (Male) |
| 23:42 | Crear | Villager (Male) |
| 23:47 | Crear | Genoese Crossbowman |
| 24:08 | Investigar | Fletching |
| 24:11 | Crear | Villager (Male) |
| 24:13 | Construir | Farm |
| 24:31 | Crear | Villager (Male) |
| 24:31 | Crear | Villager (Male) |
| 24:35 | Construir | Farm |
| 25:08 | Construir | Castle |
| 25:12 | Crear | Villager (Male) |
| 25:12 | Crear | Villager (Male) |
| 25:16 | Construir | Farm |
| 25:19 | Construir | Farm |
| 25:21 | Construir | House |
| 25:22 | Construir | House |
| 25:23 | Construir | House |
| 25:24 | Construir | House |
| 25:36 | Crear | Villager (Male) |
| 25:36 | Crear | Villager (Male) |
| 25:38 | Investigar | Bodkin Arrow |
| 25:39 | Investigar | Padded Archer Armor |
| 26:02 | Construir | Town Center |
| 26:05 | Crear | Villager (Male) |
| 26:06 | Crear | Villager (Male) |
| 26:06 | Crear | Villager (Male) |
| 26:12 | Construir | Farm |
| 26:20 | Construir | Gate |
| 26:35 | Construir | Farm |
| 26:39 | Construir | Farm |
| 26:49 | Crear | Genoese Crossbowman |
| 26:50 | Crear | Genoese Crossbowman |
| 26:50 | Crear | Genoese Crossbowman |
| 26:51 | Crear | Genoese Crossbowman |
| 26:52 | Crear | Genoese Crossbowman |
| 29:22 | Crear | Genoese Crossbowman |
Build order — 米德维奇小学副校长
Primeras 150 de 197 acciones detectadas
| 0:03 | Construir | House |
| 0:04 | Construir | House |
| 0:05 | Crear | Villager (Male) |
| 0:05 | Crear | Villager (Male) |
| 0:05 | Crear | Villager (Male) |
| 0:05 | Crear | Villager (Male) |
| 0:06 | Crear | Villager (Male) |
| 1:37 | Crear | Villager (Male) |
| 1:37 | Crear | Villager (Male) |
| 2:07 | Crear | Villager (Male) |
| 2:08 | Crear | Villager (Male) |
| 2:08 | Crear | Villager (Male) |
| 2:08 | Crear | Villager (Male) |
| 2:17 | Construir | Lumber Camp |
| 2:45 | Crear | Villager (Male) |
| 2:45 | Crear | Villager (Male) |
| 3:28 | Crear | Villager (Male) |
| 3:28 | Crear | Villager (Male) |
| 4:00 | Construir | House |
| 4:41 | Construir | Mill |
| 4:46 | Crear | Villager (Male) |
| 4:47 | Crear | Villager (Male) |
| 4:47 | Crear | Villager (Male) |
| 4:47 | Crear | Villager (Male) |
| 5:51 | Construir | Lumber Camp |
| 6:07 | Crear | Villager (Male) |
| 6:23 | Crear | Villager (Male) |
| 6:35 | Construir | House |
| 6:56 | Crear | Villager (Male) |
| 6:56 | Crear | Villager (Male) |
| 7:26 | Construir | Mill |
| 7:28 | Crear | Villager (Male) |
| 8:12 | Crear | Villager (Male) |
| 8:44 | Construir | Mining Camp |
| 9:05 | Investigar | Feudal Age |
| 9:28 | Construir | Farm |
| 9:29 | Construir | Farm |
| 9:29 | Construir | Farm |
| 9:29 | Construir | Farm |
| 10:08 | Construir | House |
| 10:25 | Construir | Farm |
| 10:28 | Construir | Farm |
| 10:32 | Construir | Farm |
| 10:54 | Crear | Villager (Male) |
| 10:54 | Crear | Villager (Male) |
| 11:15 | Edad | Edad Feudal |
| 11:17 | Construir | Blacksmith |
| 11:21 | Construir | Market |
| 11:33 | Construir | Farm |
| 11:40 | Construir | Farm |
| 11:56 | Construir | Farm |
| 12:04 | Crear | Villager (Male) |
| 12:26 | Crear | Villager (Male) |
| 12:34 | Construir | Farm |
| 12:38 | Crear | Villager (Male) |
| 12:58 | Construir | Farm |
| 13:30 | Investigar | Castle Age |
| 13:30 | Investigar | Castle Age |
| 13:35 | Construir | Farm |
| 13:40 | Construir | Farm |
| 14:09 | Investigar | Horse Collar |
| 14:14 | Investigar | Double-Bit Axe |
| 15:41 | Investigar | Wheelbarrow |
| 16:10 | Edad | Edad de los Castillos |
| 16:12 | Construir | Town Center |
| 16:22 | Construir | Town Center |
| 16:26 | Crear | Villager (Male) |
| 16:34 | Crear | Villager (Male) |
| 16:41 | Construir | House |
| 16:42 | Construir | House |
| 16:44 | Construir | House |
| 16:54 | Crear | Villager (Male) |
| 17:25 | Construir | Stone Wall |
| 17:38 | Crear | Villager (Male) |
| 17:38 | Crear | Villager (Male) |
| 17:39 | Crear | Villager (Male) |
| 17:40 | Crear | Villager (Male) |
| 17:59 | Construir | Stone Wall |
| 18:05 | Crear | Villager (Male) |
| 18:05 | Crear | Villager (Male) |
| 18:22 | Construir | Stone Wall |
| 18:27 | Construir | Siege Workshop |
| 18:34 | Crear | Villager (Male) |
| 18:35 | Crear | Villager (Male) |
| 18:37 | Investigar | Heavy Plow |
| 18:41 | Investigar | Bow Saw |
| 18:59 | Crear | Villager (Male) |
| 19:00 | Crear | Villager (Male) |
| 19:00 | Crear | Villager (Male) |
| 19:00 | Crear | Villager (Male) |
| 19:00 | Crear | Villager (Male) |
| 19:01 | Crear | Villager (Male) |
| 19:02 | Crear | Villager (Male) |
| 19:04 | Construir | House |
| 19:06 | Construir | House |
| 19:07 | Construir | House |
| 19:14 | Construir | Farm |
| 19:17 | Construir | Farm |
| 19:28 | Crear | Villager (Male) |
| 20:10 | Crear | Mangonel |
| 20:18 | Construir | House |
| 20:47 | Construir | House |
| 20:49 | Construir | Farm |
| 20:50 | Construir | Farm |
| 20:54 | Crear | Villager (Male) |
| 20:55 | Crear | Villager (Male) |
| 20:55 | Crear | Villager (Male) |
| 20:55 | Crear | Villager (Male) |
| 20:59 | Construir | Farm |
| 21:04 | Construir | House |
| 21:12 | Crear | Villager (Male) |
| 21:12 | Crear | Villager (Male) |
| 21:20 | Investigar | Hand Cart |
| 21:31 | Construir | Farm |
| 21:36 | Construir | Farm |
| 21:38 | Crear | Villager (Male) |
| 21:38 | Crear | Villager (Male) |
| 21:44 | Construir | Farm |
| 21:52 | Construir | Farm |
| 21:55 | Construir | Farm |
| 22:03 | Crear | Mangonel |
| 22:10 | Construir | Farm |
| 22:14 | Construir | Farm |
| 22:17 | Construir | Farm |
| 22:21 | Crear | Villager (Male) |
| 22:21 | Crear | Villager (Male) |
| 22:45 | Construir | Castle |
| 22:50 | Construir | Farm |
| 22:51 | Crear | Villager (Male) |
| 22:51 | Investigar | Loom |
| 23:13 | Crear | Villager (Male) |
| 23:13 | Crear | Villager (Male) |
| 23:14 | Crear | Villager (Male) |
| 23:14 | Crear | Villager (Male) |
| 23:14 | Crear | Villager (Male) |
| 23:15 | Crear | Villager (Male) |
| 23:15 | Crear | Villager (Male) |
| 23:47 | Construir | Mill |
| 23:51 | Construir | Farm |
| 23:51 | Construir | Farm |
| 23:51 | Construir | Farm |
| 23:51 | Construir | Farm |
| 23:52 | Construir | Farm |
| 23:52 | Construir | Farm |
| 23:52 | Construir | Farm |
| 23:53 | Construir | Farm |
| 23:53 | Construir | Farm |
| 23:53 | Construir | Farm |
| 23:53 | Construir | Farm |
| 23:54 | Construir | Farm |
Build order — 哭稀饭(2125613428)
Primeras 150 de 154 acciones detectadas
| 0:05 | Crear | Villager (Male) |
| 0:05 | Crear | Villager (Male) |
| 0:06 | Crear | Villager (Male) |
| 0:07 | Construir | House |
| 0:09 | Construir | House |
| 0:30 | Crear | Villager (Male) |
| 0:30 | Crear | Villager (Male) |
| 1:32 | Crear | Villager (Male) |
| 1:32 | Crear | Villager (Male) |
| 2:03 | Crear | Villager (Male) |
| 2:03 | Crear | Villager (Male) |
| 2:13 | Construir | Lumber Camp |
| 2:22 | Crear | Villager (Male) |
| 3:06 | Investigar | Loom |
| 3:11 | Crear | Villager (Male) |
| 3:11 | Crear | Villager (Male) |
| 3:11 | Crear | Villager (Male) |
| 3:56 | Crear | Villager (Male) |
| 3:56 | Crear | Villager (Male) |
| 4:07 | Construir | House |
| 4:08 | Construir | House |
| 4:09 | Construir | House |
| 4:24 | Crear | Villager (Male) |
| 4:24 | Crear | Villager (Male) |
| 4:46 | Crear | Villager (Male) |
| 4:46 | Crear | Villager (Male) |
| 5:42 | Crear | Villager (Male) |
| 5:42 | Crear | Villager (Male) |
| 5:59 | Construir | Mill |
| 6:05 | Crear | Villager (Male) |
| 6:21 | Crear | Villager (Male) |
| 6:56 | Crear | Villager (Male) |
| 7:00 | Construir | Mill |
| 7:08 | Crear | Villager (Male) |
| 7:32 | Crear | Villager (Male) |
| 8:05 | Crear | Villager (Male) |
| 8:16 | Construir | Mining Camp |
| 8:36 | Crear | Villager (Male) |
| 8:39 | Investigar | Feudal Age |
| 9:56 | Construir | Farm |
| 9:59 | Construir | Farm |
| 10:01 | Construir | Farm |
| 10:05 | Construir | Farm |
| 10:32 | Crear | Villager (Male) |
| 11:12 | Edad | Edad Feudal |
| 11:17 | Construir | Market |
| 11:34 | Construir | Blacksmith |
| 11:41 | Crear | Villager (Male) |
| 12:07 | Construir | Mining Camp |
| 12:30 | Investigar | Castle Age |
| 12:31 | Investigar | Castle Age |
| 13:09 | Investigar | Stone Mining |
| 13:41 | Investigar | Double-Bit Axe |
| 13:51 | Crear | Villager (Male) |
| 15:10 | Edad | Edad de los Castillos |
| 15:25 | Crear | Villager (Male) |
| 15:40 | Crear | Villager (Male) |
| 16:07 | Construir | House |
| 16:30 | Crear | Villager (Male) |
| 16:38 | Construir | Town Center |
| 16:44 | Investigar | Horse Collar |
| 16:45 | Investigar | Bow Saw |
| 17:06 | Crear | Villager (Male) |
| 17:15 | Crear | Villager (Male) |
| 17:20 | Construir | House |
| 17:25 | Crear | Villager (Male) |
| 17:36 | Construir | Farm |
| 17:46 | Construir | House |
| 17:49 | Crear | Villager (Male) |
| 17:50 | Crear | Villager (Male) |
| 17:52 | Construir | Farm |
| 17:55 | Construir | Farm |
| 18:04 | Construir | Castle |
| 18:19 | Crear | Villager (Male) |
| 18:22 | Construir | Farm |
| 18:30 | Construir | Monastery |
| 18:44 | Construir | Farm |
| 18:48 | Construir | Farm |
| 18:51 | Construir | Farm |
| 18:52 | Crear | Villager (Male) |
| 18:55 | Crear | Villager (Male) |
| 19:06 | Crear | Monk |
| 19:19 | Crear | Villager (Male) |
| 19:22 | Construir | Farm |
| 19:38 | Crear | Janissary |
| 20:10 | Crear | Villager (Male) |
| 20:13 | Construir | Farm |
| 20:16 | Construir | Farm |
| 20:19 | Construir | Farm |
| 20:32 | Crear | Janissary |
| 20:32 | Crear | Janissary |
| 20:48 | Construir | Farm |
| 20:51 | Construir | Farm |
| 20:57 | Crear | Janissary |
| 21:04 | Construir | Farm |
| 21:09 | Crear | Janissary |
| 21:12 | Crear | Villager (Male) |
| 21:15 | Crear | Villager (Male) |
| 21:30 | Crear | Villager (Male) |
| 21:40 | Construir | Farm |
| 22:10 | Crear | Janissary |
| 22:12 | Crear | Villager (Male) |
| 22:14 | Construir | Farm |
| 22:15 | Investigar | Heavy Plow |
| 22:25 | Construir | Farm |
| 22:27 | Crear | Villager (Male) |
| 22:40 | Crear | Villager (Male) |
| 22:41 | Crear | Villager (Male) |
| 22:45 | Construir | Farm |
| 22:47 | Construir | Farm |
| 22:50 | Construir | Farm |
| 23:01 | Construir | Farm |
| 23:24 | Construir | Farm |
| 23:27 | Construir | Farm |
| 23:32 | Construir | Farm |
| 23:35 | Construir | Farm |
| 23:37 | Crear | Villager (Male) |
| 23:47 | Crear | Janissary |
| 24:06 | Construir | House |
| 24:08 | Construir | House |
| 24:09 | Construir | House |
| 24:20 | Crear | Villager (Male) |
| 24:24 | Construir | Farm |
| 24:47 | Construir | Farm |
| 24:54 | Construir | Farm |
| 24:56 | Investigar | Imperial Age |
| 24:56 | Investigar | Imperial Age |
| 25:08 | Crear | Villager (Male) |
| 25:40 | Crear | Villager (Male) |
| 25:51 | Construir | House |
| 25:52 | Construir | House |
| 25:53 | Construir | House |
| 25:57 | Construir | House |
| 25:59 | Construir | House |
| 26:00 | Construir | House |
| 26:02 | Construir | House |
| 26:03 | Construir | House |
| 26:05 | Crear | Villager (Male) |
| 26:06 | Crear | Villager (Male) |
| 26:16 | Investigar | Wheelbarrow |
| 26:49 | Crear | Villager (Male) |
| 27:04 | Construir | Town Center |
| 27:09 | Crear | Villager (Male) |
| 27:21 | Crear | Janissary |
| 27:21 | Crear | Janissary |
| 27:50 | Crear | Villager (Male) |
| 27:51 | Crear | Villager (Male) |
| 28:06 | Edad | Edad Imperial |
| 28:08 | Crear | Trebuchet (Packed) |
| 28:16 | Crear | Janissary |
Build order — 伟少
Primeras 150 de 281 acciones detectadas
| 0:00 | Crear | Villager (Male) |
| 0:00 | Crear | Villager (Male) |
| 0:02 | Construir | House |
| 0:04 | Construir | House |
| 0:05 | Construir | House |
| 0:33 | Crear | Villager (Male) |
| 0:34 | Crear | Villager (Male) |
| 1:37 | Crear | Villager (Male) |
| 2:01 | Crear | Villager (Male) |
| 2:26 | Crear | Villager (Male) |
| 2:34 | Construir | Lumber Camp |
| 2:46 | Crear | Villager (Male) |
| 2:46 | Crear | Villager (Male) |
| 3:09 | Crear | Villager (Male) |
| 3:24 | Crear | Villager (Male) |
| 3:44 | Crear | Villager (Male) |
| 4:35 | Crear | Villager (Male) |
| 4:35 | Crear | Villager (Male) |
| 4:57 | Construir | Mill |
| 5:21 | Crear | Villager (Male) |
| 5:54 | Crear | Villager (Male) |
| 6:17 | Crear | Villager (Male) |
| 6:42 | Investigar | Loom |
| 6:51 | Investigar | Feudal Age |
| 7:36 | Construir | House |
| 7:38 | Construir | House |
| 9:01 | Edad | Edad Feudal |
| 9:07 | Construir | Town Center |
| 9:16 | Crear | Villager (Male) |
| 9:27 | Investigar | Double-Bit Axe |
| 9:31 | Crear | Villager (Male) |
| 9:44 | Crear | Villager (Male) |
| 9:57 | Investigar | Horse Collar |
| 9:58 | Investigar | Horse Collar |
| 10:04 | Construir | House |
| 10:05 | Construir | House |
| 10:07 | Crear | Villager (Male) |
| 10:36 | Crear | Villager (Male) |
| 10:37 | Crear | Villager (Male) |
| 10:37 | Crear | Villager (Male) |
| 10:40 | Construir | Farm |
| 10:44 | Construir | Farm |
| 11:00 | Construir | Farm |
| 11:01 | Crear | Villager (Male) |
| 11:08 | Crear | Villager (Male) |
| 11:15 | Construir | Farm |
| 11:22 | Construir | House |
| 11:39 | Construir | Farm |
| 11:41 | Construir | Farm |
| 11:47 | Crear | Villager (Male) |
| 11:47 | Crear | Villager (Male) |
| 12:02 | Construir | Farm |
| 12:03 | Crear | Villager (Male) |
| 12:06 | Construir | House |
| 12:11 | Crear | Villager (Male) |
| 12:22 | Crear | Villager (Male) |
| 12:25 | Construir | Farm |
| 12:26 | Crear | Villager (Male) |
| 12:34 | Construir | House |
| 12:35 | Crear | Villager (Male) |
| 12:42 | Construir | Farm |
| 12:47 | Crear | Villager (Male) |
| 13:00 | Construir | Farm |
| 13:01 | Crear | Villager (Male) |
| 13:05 | Construir | House |
| 13:06 | Crear | Villager (Male) |
| 13:28 | Construir | Farm |
| 13:29 | Crear | Villager (Male) |
| 13:38 | Construir | Farm |
| 13:41 | Crear | Villager (Male) |
| 13:59 | Construir | Farm |
| 14:01 | Crear | Villager (Male) |
| 14:01 | Crear | Villager (Male) |
| 14:05 | Investigar | Wheelbarrow |
| 14:15 | Construir | Farm |
| 14:21 | Crear | Villager (Male) |
| 14:37 | Crear | Villager (Male) |
| 14:39 | Construir | Farm |
| 14:46 | Construir | Farm |
| 14:54 | Crear | Villager (Male) |
| 14:57 | Construir | Farm |
| 15:06 | Construir | Farm |
| 15:22 | Construir | Mining Camp |
| 15:23 | Crear | Villager (Male) |
| 15:23 | Crear | Villager (Male) |
| 15:38 | Crear | Villager (Male) |
| 15:49 | Construir | Barracks |
| 15:52 | Crear | Villager (Male) |
| 15:58 | Construir | Farm |
| 16:01 | Construir | Farm |
| 16:20 | Crear | Villager (Male) |
| 16:31 | Construir | Blacksmith |
| 16:33 | Construir | House |
| 16:34 | Crear | Villager (Male) |
| 16:46 | Construir | Stable |
| 16:49 | Construir | Stable |
| 16:50 | Crear | Villager (Male) |
| 17:07 | Crear | Villager (Male) |
| 17:27 | Crear | Villager (Male) |
| 17:27 | Crear | Villager (Male) |
| 17:41 | Investigar | Castle Age |
| 17:41 | Investigar | Castle Age |
| 17:46 | Crear | Villager (Male) |
| 17:51 | Construir | Mill |
| 17:55 | Construir | Farm |
| 17:57 | Construir | Farm |
| 18:01 | Construir | Farm |
| 18:05 | Construir | Farm |
| 18:08 | Construir | House |
| 18:09 | Construir | House |
| 18:11 | Crear | Villager (Male) |
| 18:20 | Construir | Stable |
| 18:24 | Investigar | Loom |
| 18:27 | Crear | Villager (Male) |
| 18:27 | Crear | Villager (Male) |
| 18:29 | Investigar | Bloodlines |
| 18:32 | Crear | Scout Cavalry |
| 18:56 | Crear | Villager (Male) |
| 18:56 | Crear | Villager (Male) |
| 19:04 | Investigar | Scale Barding Armor |
| 19:09 | Construir | House |
| 19:10 | Construir | House |
| 19:22 | Construir | Siege Workshop |
| 19:31 | Crear | Villager (Male) |
| 19:50 | Crear | Villager (Male) |
| 20:01 | Investigar | Forging |
| 20:04 | Construir | House |
| 20:09 | Crear | Villager (Male) |
| 20:21 | Edad | Edad de los Castillos |
| 20:24 | Construir | Town Center |
| 20:27 | Investigar | Heavy Plow |
| 20:28 | Investigar | Bow Saw |
| 20:29 | Investigar | Gold Mining |
| 20:37 | Construir | House |
| 20:42 | Construir | House |
| 20:45 | Crear | Villager (Male) |
| 20:46 | Crear | Villager (Male) |
| 21:05 | Investigar | Hand Cart |
| 21:06 | Crear | Villager (Male) |
| 21:19 | Construir | House |
| 21:20 | Crear | Villager (Male) |
| 21:26 | Crear | Knight |
| 21:36 | Construir | Farm |
| 21:38 | Construir | Farm |
| 21:39 | Construir | Farm |
| 21:47 | Construir | Farm |
| 21:48 | Crear | Villager (Male) |
| 21:54 | Construir | House |
| 22:07 | Crear | Knight |
| 22:10 | Crear | Battering Ram |
Build order — 豹豹是只大猫咪
Primeras 150 de 224 acciones detectadas
| 0:07 | Crear | Villager (Male) |
| 0:07 | Crear | Villager (Male) |
| 0:09 | Construir | House |
| 0:20 | Construir | House |
| 0:59 | Crear | Villager (Male) |
| 0:59 | Crear | Villager (Male) |
| 1:44 | Crear | Villager (Male) |
| 2:08 | Construir | Lumber Camp |
| 2:15 | Crear | Villager (Male) |
| 2:16 | Crear | Villager (Male) |
| 2:41 | Crear | Villager (Male) |
| 2:58 | Crear | Villager (Male) |
| 3:27 | Crear | Villager (Male) |
| 3:48 | Construir | House |
| 3:51 | Crear | Villager (Male) |
| 4:13 | Crear | Villager (Male) |
| 4:43 | Crear | Villager (Male) |
| 5:10 | Crear | Villager (Male) |
| 5:16 | Construir | House |
| 5:37 | Crear | Villager (Male) |
| 5:45 | Construir | House |
| 6:01 | Crear | Villager (Male) |
| 6:16 | Crear | Villager (Male) |
| 6:29 | Crear | Villager (Male) |
| 6:53 | Crear | Villager (Male) |
| 7:12 | Construir | Mill |
| 7:38 | Crear | Villager (Male) |
| 7:46 | Construir | Mill |
| 7:54 | Construir | Farm |
| 7:57 | Construir | Farm |
| 8:04 | Crear | Villager (Male) |
| 8:28 | Construir | Farm |
| 8:31 | Crear | Villager (Male) |
| 8:58 | Crear | Villager (Male) |
| 9:25 | Investigar | Feudal Age |
| 9:30 | Construir | Mining Camp |
| 9:45 | Construir | Barracks |
| 10:09 | Construir | House |
| 11:24 | Crear | Villager (Male) |
| 11:25 | Crear | Villager (Male) |
| 11:35 | Edad | Edad Feudal |
| 11:39 | Construir | Blacksmith |
| 11:42 | Construir | Stable |
| 12:28 | Investigar | Castle Age |
| 12:45 | Investigar | Double-Bit Axe |
| 13:03 | Crear | Scout Cavalry |
| 13:17 | Construir | Farm |
| 13:20 | Construir | Farm |
| 13:27 | Construir | Farm |
| 13:50 | Crear | Scout Cavalry |
| 14:05 | Crear | Spearman |
| 14:22 | Construir | House |
| 14:25 | Construir | Farm |
| 14:28 | Investigar | Horse Collar |
| 14:57 | Crear | Villager (Male) |
| 15:00 | Crear | Scout Cavalry |
| 15:08 | Edad | Edad de los Castillos |
| 15:33 | Crear | Villager (Male) |
| 15:37 | Construir | Town Center |
| 15:47 | Construir | Monastery |
| 15:50 | Crear | Villager (Male) |
| 16:03 | Crear | Villager (Male) |
| 16:03 | Crear | Villager (Male) |
| 16:29 | Crear | Villager (Male) |
| 16:44 | Construir | Farm |
| 16:47 | Construir | Farm |
| 16:48 | Crear | Villager (Male) |
| 16:50 | Crear | Monk |
| 17:17 | Crear | Villager (Male) |
| 17:25 | Construir | Town Center |
| 17:28 | Crear | Villager (Male) |
| 17:29 | Crear | Villager (Male) |
| 17:32 | Construir | Farm |
| 17:34 | Construir | Farm |
| 17:43 | Construir | Farm |
| 17:54 | Crear | Villager (Male) |
| 17:59 | Construir | Farm |
| 18:08 | Crear | Villager (Male) |
| 18:15 | Crear | Villager (Male) |
| 18:20 | Construir | Farm |
| 18:29 | Crear | Villager (Male) |
| 18:42 | Investigar | Wheelbarrow |
| 18:47 | Construir | Farm |
| 18:57 | Crear | Villager (Male) |
| 19:11 | Crear | Villager (Male) |
| 19:16 | Construir | Farm |
| 19:16 | Construir | Farm |
| 19:16 | Construir | Farm |
| 19:17 | Construir | Farm |
| 19:17 | Construir | Farm |
| 19:24 | Crear | Villager (Male) |
| 19:29 | Construir | House |
| 19:30 | Construir | House |
| 19:31 | Construir | House |
| 19:32 | Construir | House |
| 19:39 | Crear | Villager (Male) |
| 19:44 | Construir | Farm |
| 19:46 | Crear | Villager (Male) |
| 19:55 | Crear | Spearman |
| 20:12 | Crear | Villager (Male) |
| 20:13 | Crear | Villager (Male) |
| 20:37 | Crear | Villager (Male) |
| 20:37 | Crear | Villager (Male) |
| 20:48 | Crear | Villager (Male) |
| 20:48 | Crear | Villager (Male) |
| 20:53 | Construir | Farm |
| 20:53 | Construir | Farm |
| 20:54 | Construir | Farm |
| 20:54 | Construir | Farm |
| 20:55 | Construir | Farm |
| 20:56 | Construir | Farm |
| 21:00 | Crear | Villager (Male) |
| 21:00 | Crear | Villager (Male) |
| 21:14 | Crear | Villager (Male) |
| 21:25 | Construir | Palisade Gate |
| 21:30 | Crear | Villager (Male) |
| 21:36 | Construir | Palisade Wall |
| 21:39 | Crear | Villager (Male) |
| 21:43 | Crear | Monk |
| 21:48 | Investigar | Heavy Plow |
| 21:50 | Crear | Villager (Male) |
| 21:50 | Crear | Villager (Male) |
| 21:51 | Crear | Villager (Male) |
| 22:00 | Crear | Villager (Male) |
| 22:06 | Construir | Farm |
| 22:07 | Construir | Farm |
| 22:07 | Construir | Farm |
| 22:08 | Construir | Farm |
| 22:09 | Construir | Farm |
| 22:14 | Crear | Villager (Male) |
| 22:14 | Crear | Villager (Male) |
| 22:21 | Construir | Farm |
| 22:31 | Crear | Villager (Male) |
| 22:32 | Crear | Villager (Male) |
| 22:33 | Crear | Villager (Male) |
| 22:36 | Construir | House |
| 22:37 | Construir | House |
| 22:38 | Construir | House |
| 22:48 | Construir | Mining Camp |
| 22:51 | Crear | Villager (Male) |
| 22:58 | Construir | Palisade Gate |
| 23:02 | Construir | House |
| 23:03 | Construir | House |
| 23:04 | Construir | House |
| 23:06 | Construir | House |
| 23:12 | Investigar | Hand Cart |
| 23:13 | Investigar | Loom |
| 23:14 | Crear | Villager (Male) |
| 23:15 | Crear | Villager (Male) |
| 23:19 | Construir | Farm |
Build order — eydher
Primeras 150 de 213 acciones detectadas
| 0:02 | Construir | House |
| 0:03 | Construir | House |
| 0:04 | Construir | House |
| 0:05 | Crear | Villager (Male) |
| 0:05 | Crear | Villager (Male) |
| 0:05 | Crear | Villager (Male) |
| 0:06 | Crear | Villager (Male) |
| 0:06 | Crear | Villager (Male) |
| 0:06 | Crear | Villager (Male) |
| 1:50 | Crear | Villager (Male) |
| 1:51 | Crear | Villager (Male) |
| 1:51 | Crear | Villager (Male) |
| 1:55 | Construir | Lumber Camp |
| 2:14 | Crear | Villager (Male) |
| 2:14 | Crear | Villager (Male) |
| 2:15 | Crear | Villager (Male) |
| 2:49 | Crear | Villager (Male) |
| 2:49 | Crear | Villager (Male) |
| 3:19 | Crear | Villager (Male) |
| 3:19 | Crear | Villager (Male) |
| 3:49 | Crear | Villager (Male) |
| 3:49 | Crear | Villager (Male) |
| 3:49 | Crear | Villager (Male) |
| 4:21 | Crear | Villager (Male) |
| 4:21 | Crear | Villager (Male) |
| 4:22 | Crear | Villager (Male) |
| 4:42 | Crear | Villager (Male) |
| 4:42 | Crear | Villager (Male) |
| 4:42 | Crear | Villager (Male) |
| 4:52 | Construir | Mill |
| 5:23 | Crear | Villager (Male) |
| 5:23 | Crear | Villager (Male) |
| 5:23 | Crear | Villager (Male) |
| 5:24 | Crear | Villager (Male) |
| 5:24 | Crear | Villager (Male) |
| 6:01 | Crear | Villager (Male) |
| 6:13 | Construir | House |
| 6:24 | Crear | Villager (Male) |
| 6:24 | Crear | Villager (Male) |
| 6:34 | Construir | Lumber Camp |
| 7:05 | Crear | Villager (Male) |
| 7:29 | Crear | Villager (Male) |
| 7:29 | Crear | Villager (Male) |
| 7:48 | Construir | Mining Camp |
| 8:17 | Crear | Villager (Male) |
| 8:17 | Crear | Villager (Male) |
| 8:17 | Crear | Villager (Male) |
| 8:21 | Crear | Villager (Male) |
| 8:29 | Construir | Mill |
| 8:34 | Construir | House |
| 8:37 | Construir | House |
| 8:50 | Construir | Mining Camp |
| 9:50 | Investigar | Feudal Age |
| 9:51 | Investigar | Feudal Age |
| 10:34 | Crear | Villager (Male) |
| 10:35 | Crear | Villager (Male) |
| 10:35 | Crear | Villager (Male) |
| 11:41 | Construir | House |
| 11:42 | Construir | House |
| 12:00 | Edad | Edad Feudal |
| 12:06 | Construir | Market |
| 12:09 | Construir | Blacksmith |
| 12:42 | Construir | Farm |
| 12:42 | Construir | Farm |
| 12:42 | Construir | Farm |
| 12:43 | Construir | Farm |
| 12:43 | Construir | Farm |
| 12:43 | Construir | Farm |
| 12:44 | Construir | Farm |
| 13:00 | Construir | House |
| 13:04 | Construir | House |
| 13:06 | Construir | House |
| 13:34 | Construir | Farm |
| 13:38 | Construir | Farm |
| 14:09 | Investigar | Castle Age |
| 14:09 | Investigar | Castle Age |
| 14:10 | Investigar | Castle Age |
| 14:44 | Construir | House |
| 14:46 | Construir | House |
| 16:01 | Construir | Barracks |
| 16:16 | Construir | Outpost |
| 16:44 | Investigar | Double-Bit Axe |
| 16:49 | Edad | Edad de los Castillos |
| 16:56 | Construir | Town Center |
| 17:09 | Crear | Villager (Male) |
| 17:09 | Crear | Villager (Male) |
| 17:11 | Crear | Villager (Male) |
| 17:37 | Construir | Town Center |
| 17:43 | Construir | House |
| 17:45 | Construir | House |
| 18:01 | Crear | Villager (Male) |
| 18:02 | Crear | Villager (Male) |
| 18:03 | Crear | Villager (Male) |
| 18:03 | Crear | Villager (Male) |
| 18:04 | Crear | Villager (Male) |
| 18:20 | Construir | House |
| 18:22 | Construir | House |
| 18:22 | Construir | House |
| 18:23 | Construir | House |
| 18:24 | Construir | House |
| 18:29 | Crear | Villager (Male) |
| 18:44 | Crear | Villager (Male) |
| 18:44 | Crear | Villager (Male) |
| 18:44 | Crear | Villager (Male) |
| 18:52 | Investigar | Loom |
| 19:37 | Construir | Castle |
| 19:50 | Crear | Villager (Male) |
| 19:50 | Crear | Villager (Male) |
| 19:50 | Crear | Villager (Male) |
| 20:17 | Construir | House |
| 20:19 | Construir | House |
| 20:23 | Construir | House |
| 20:23 | Construir | House |
| 20:25 | Construir | House |
| 20:49 | Construir | Siege Workshop |
| 20:59 | Construir | Mining Camp |
| 21:05 | Crear | Mangonel |
| 21:08 | Crear | Conquistador |
| 21:08 | Crear | Conquistador |
| 21:08 | Crear | Conquistador |
| 21:09 | Crear | Conquistador |
| 21:14 | Construir | Farm |
| 21:14 | Construir | Farm |
| 21:15 | Construir | Farm |
| 21:15 | Construir | Farm |
| 21:15 | Construir | Farm |
| 21:15 | Construir | Farm |
| 21:15 | Construir | Farm |
| 21:16 | Construir | Farm |
| 21:21 | Crear | Villager (Male) |
| 21:22 | Crear | Villager (Male) |
| 21:33 | Crear | Villager (Male) |
| 21:34 | Crear | Villager (Male) |
| 21:37 | Crear | Villager (Male) |
| 22:23 | Construir | Farm |
| 22:25 | Construir | Farm |
| 22:26 | Construir | Farm |
| 22:26 | Construir | Farm |
| 22:29 | Crear | Villager (Male) |
| 22:29 | Crear | Villager (Male) |
| 22:29 | Crear | Villager (Male) |
| 23:07 | Crear | Villager (Male) |
| 23:08 | Crear | Villager (Male) |
| 23:12 | Crear | Villager (Male) |
| 23:24 | Construir | Farm |
| 23:25 | Investigar | Horse Collar |
| 23:28 | Construir | Farm |
| 23:44 | Crear | Villager (Male) |
| 23:44 | Crear | Villager (Male) |
| 23:51 | Construir | Farm |
Cronología de la partida
| 9:01 | 伟少 · age_up feudal |
| 9:45 | 豹豹是只大猫咪 · first_building Barracks |
| 10:52 | uotgnaug · first_building Barracks |
| 11:12 | 哭稀饭(2125613428) · age_up feudal |
| 11:15 | 米德维奇小学副校长 · age_up feudal |
| 11:35 | 豹豹是只大猫咪 · age_up feudal |
| 11:38 | 平湖秋月197 · age_up feudal |
| 11:42 | 豹豹是只大猫咪 · first_building Stable |
| 12:00 | eydher · age_up feudal |
| 12:11 | uotgnaug · age_up feudal |
| 12:12 | uotgnaug · first_building Stable |
| 12:40 | 云大怒提枪骤马 · age_up feudal |
| 13:21 | 云大怒提枪骤马 · wall_segment Palisade Wall x1 |
| 13:22 | 云大怒提枪骤马 · wall_segment Palisade Wall x1 |
| 13:43 | eydher · first_market_buy 100 food |
| 15:08 | 豹豹是只大猫咪 · age_up castle |
| 15:10 | 哭稀饭(2125613428) · age_up castle |
| 15:13 | 平湖秋月197 · age_up castle |
| 15:42 | 云大怒提枪骤马 · first_market_sell 100 wood |
| 15:45 | uotgnaug · age_up castle |
| 15:47 | 豹豹是只大猫咪 · first_building Monastery |
| 15:49 | 伟少 · first_building Barracks |
| 16:01 | eydher · first_building Barracks |
| 16:10 | 米德维奇小学副校长 · age_up castle |
| 16:10 | uotgnaug · first_building Monastery |
| 16:11 | 平湖秋月197 · first_building Castle |
| 16:46 | 伟少 · first_building Stable |
| 16:49 | eydher · age_up castle |
| 17:03 | eydher · first_market_sell 100 food |
| 17:18 | 米德维奇小学副校长 · first_market_buy 100 stone |
| 17:25 | 米德维奇小学副校长 · wall_segment Stone Wall x29 |
| 17:59 | 米德维奇小学副校长 · wall_segment Stone Wall x7 |
| 18:04 | 哭稀饭(2125613428) · first_building Castle |
| 18:22 | 米德维奇小学副校长 · wall_segment Stone Wall x4 |
| 18:23 | 云大怒提枪骤马 · age_up castle |
| 18:27 | 米德维奇小学副校长 · first_building Siege Workshop |
| 18:30 | 哭稀饭(2125613428) · first_building Monastery |
| 19:22 | 伟少 · first_building Siege Workshop |
| 19:37 | eydher · first_building Castle |
| 20:21 | 伟少 · age_up castle |
| 20:49 | eydher · first_building Siege Workshop |
| 21:36 | 豹豹是只大猫咪 · wall_segment Palisade Wall x10 |
| 22:45 | 米德维奇小学副校长 · first_building Castle |
| 23:13 | 伟少 · first_building Monastery |
| 24:18 | uotgnaug · first_building Siege Workshop |
| 24:32 | 哭稀饭(2125613428) · first_market_buy 100 food |
| 25:42 | 豹豹是只大猫咪 · first_building Siege Workshop |
| 25:46 | 米德维奇小学副校长 · first_market_sell 100 stone |
| 27:02 | 云大怒提枪骤马 · first_building Castle |
| 27:11 | 云大怒提枪骤马 · first_building Monastery |
| 27:45 | 米德维奇小学副校长 · first_building Barracks |
| 28:06 | 哭稀饭(2125613428) · age_up imperial |
| 28:27 | 云大怒提枪骤马 · first_building Barracks |
| 29:07 | 云大怒提枪骤马 · first_building Stable |
| 29:10 | 米德维奇小学副校长 · age_up imperial |
| 29:24 | 伟少 · first_market_sell 500 wood |
| 29:33 | 豹豹是只大猫咪 · first_building Castle |
| 29:43 | 哭稀饭(2125613428) · resign |
| 29:47 | 豹豹是只大猫咪 · age_up imperial |
| 31:34 | uotgnaug · age_up imperial |
[ ANÁLISIS IA · 1 CRÉDITO ]
¿Qué pasó realmente en esta partida?
Wolo.gg analiza cada decisión: build order, eco, micro, errores típicos por bracket. Análisis personalizado por WhatsApp o Discord en 30 segundos.
Guía civ
Borgoñones
Guía mapa
Arena
Perfil
Jugador #19241531